[Event "Titled Tuesday Blitz June 27 Early 2023"]
[White "Arat, Ufuk Sezen"]
[Black "Marchesich, Giovanni"]
[WhiteFideId "6309089"]
[BlackFideId "2824790"]
[WhiteElo "2561"]
[BlackElo "2252"]
[Result "0-1"]
[Round "3"]
[TimeControl "180+2"]
[Date "2023.06.27"]
[WhiteClock "0:00:01"]
[BlackClock "0:00:17"]
[Board "166"]

1. e4 e5 2. Nf3 d5 3. exd5 e4 4. Qe2 Nf6 5. Nc3 Bb4 6. Nxe4 O-O 7. Qc4 Re8 8. Bd3 Nxe4 9. Bxe4 Bf5 10. O-O Rxe4 11. Qb3 Na6 12. d4 Rb8 13. Bg5 Be7 14. Bxe7 Qxe7 15. Rae1 Qd6 16. c4 c6 17. dxc6 bxc6 18. Qa4 c5 19. dxc5 Nxc5 20. Qxa7 Qb6 21. Qa3 h6 22. b3 Nd3 23. Rd1 Re2 24. Rd2 Rxd2 25. Nxd2 Re8 26. Qa4 Re1 27. Qa8+ Kh7 28. Qf3 Qe6 29. h3 Nc1 30. g4 Bd3 31. Rxe1 Qxe1+ 32. Kg2 Qxd2 33. a4 Qe1 34. c5 Be4 35. Kg3 Bxf3 0-1


[Site "https://www.chess.com"]

[Event "Titled Tuesday Blitz June 27 Early 2023"]
[White "SicilianPanzer"]
[Black "Belov, Alexei"]
[BlackFideId "4128206"]
[WhiteElo "2246"]
[BlackElo "2558"]
[Result "1-0"]
[Round "3"]
[TimeControl "180+2"]
[Date "2023.06.27"]
[WhiteClock "0:00:08"]
[BlackClock "0:00:53"]
[Board "167"]

1. e4 e6 2. d4 d5 3. Nc3 Nf6 4. exd5 exd5 5. Bd3 c5 6. dxc5 Bxc5 7. Nf3 O-O 8. O-O Nc6 9. h3 h6 10. Bf4 Re8 11. Nb5 Re7 12. c3 Qb6 13. b4 Bxf2+ 14. Rxf2 Ne4 15. Bxe4 dxe4 16. Nfd4 Ne5 17. Bxe5 Rxe5 18. Qb3 Re7 19. Raf1 Qg6 20. Kh2 a6 21. Na3 e3 22. Re2 Kh7 23. Qc2 f5 24. Nxf5 Rf7 25. Ng3 Rxf1 26. Qxg6+ Kxg6 27. Nxf1 Be6 28. Rxe3 Bxa2 29. Nd2 Re8 30. Rxe8 1-0


[Site "https://www.chess.com"]

[Event "Titled Tuesday Blitz June 27 Early 2023"]
[White "NicolaiMaxime"]
[Black "Coelho, Ramyres Santana"]
[BlackFideId "2120690"]
[WhiteElo "2558"]
[BlackElo "2235"]
[Result "1-0"]
[Round "3"]
[TimeControl "180+2"]
[Date "2023.06.27"]
[WhiteClock "0:00:58"]
[BlackClock "0:00:18"]
[Board "168"]

1. c4 e5 2. Nc3 d6 3. g3 g6 4. Bg2 Bg7 5. Nf3 Ne7 6. h4 O-O 7. h5 f5 8. hxg6 hxg6 9. d3 f4 10. gxf4 exf4 11. Bd2 Nec6 12. Qc2 Nd4 13. Nxd4 Bxd4 14. O-O-O Nc6 15. e3 f3 16. Bh3 Bxh3 17. Rxh3 Nb4 18. Qb1 Bg7 19. d4 Qf6 20. a3 Nc6 21. Rg1 Ne7 22. Nd5 Nxd5 23. cxd5 Qf5 24. Qxf5 Rxf5 25. Rxg6 Kf7 26. Rhg3 Bf6 27. Rh6 Rxd5 28. Rxf3 c5 29. Rhxf6+ Ke7 30. Rf7+ Ke8 31. Rf8+ Kd7 32. Rxa8 cxd4 33. exd4 Rxd4 34. Raf8 Rc4+ 35. Bc3 Kc6 36. Rc8+ Kb5 37. Rf5+ Rc5 38. Rfxc5+ dxc5 39. f4 c4 40. f5 Ka4 41. f6 Kb3 42. Rb8 b5 43. Rxb5+ Ka2 44. Rc5 a6 45. Rxc4 a5 46. Ra4 Kb3 47. Rxa5 Ka2 48. Kc2 Ka1 49. f7 Ka2 50. f8=Q Ka1 51. Qf1+ Ka2 52. Qb1# 1-0


[Site "https://www.chess.com"]

[Event "Titled Tuesday Blitz June 27 Early 2023"]
[White "Quirke, Jeffrey"]
[Black "Perez, Maximiliano"]
[WhiteFideId "2013029"]
[BlackFideId "117234"]
[WhiteElo "2223"]
[BlackElo "2558"]
[Result "1/2-1/2"]
[Round "3"]
[TimeControl "180+2"]
[Date "2023.06.27"]
[WhiteClock "0:00:09"]
[BlackClock "0:00:51"]
[Board "169"]

1. e4 c5 2. Nc3 Nc6 3. f4 g6 4. Nf3 Bg7 5. a4 d6 6. Bb5 Bd7 7. d3 Nf6 8. O-O O-O 9. Qe1 Nd4 10. Nxd4 cxd4 11. Ne2 Bxb5 12. axb5 Qb6 13. Qa5 Nd7 14. Qxb6 axb6 15. Bd2 Rfc8 16. c3 Nc5 17. cxd4 Nxd3 18. Bc3 e5 19. fxe5 dxe5 20. d5 Nc5 21. Ng3 h5 22. h4 Nb3 23. Rxa8 Rxa8 24. Rd1 Kf8 25. Kf2 Ke7 26. Kf3 Kd7 27. Ne2 f6 28. g4 hxg4+ 29. Kxg4 Nc5 30. Ng3 Ra4 31. Kf3 f5 32. exf5 gxf5 33. Kg2 Rg4 34. Kh3 Rf4 35. Re1 Bf6 36. Bxe5 Rxh4+ 37. Kg2 Bxe5 38. Rxe5 f4 39. Nf5 Rh5 40. Re7+ Kd8 41. Rf7 Ke8 42. Nd6+ Kd8 43. Nxb7+ Nxb7 44. Rxb7 Rxd5 45. Rxb6 Rd2+ 46. Kf3 Rxb2 47. Kxf4 Kc7 48. Rc6+ Kb7 49. Re6 Rxb5 50. Re5 Rxe5 51. Kxe5 1/2-1/2


[Site "https://www.chess.com"]

[Event "Titled Tuesday Blitz June 27 Early 2023"]
[White "Philippe, Guillaume"]
[Black "Salman, Pavel"]
[WhiteFideId "36048763"]
[BlackFideId "24153753"]
[WhiteElo "2207"]
[BlackElo "2557"]
[Result "0-1"]
[Round "3"]
[TimeControl "180+2"]
[Date "2023.06.27"]
[WhiteClock "0:00:00"]
[BlackClock "0:01:18"]
[Board "170"]

1. e4 c5 2. Nf3 e6 3. d4 cxd4 4. Nxd4 a6 5. c4 Nf6 6. Nc3 Qc7 7. Be2 b6 8. O-O Bb7 9. f3 d6 10. Be3 Be7 11. Nc2 Nbd7 12. b3 O-O 13. Qd2 Rac8 14. Rac1 Qb8 15. Nd4 Rfe8 16. Qe1 Bd8 17. Qg3 Bc7 18. Bh6 Nh5 19. Qg5 g6 20. Qh4 Bd8 21. Bg5 f6 22. Be3 Ng7 23. Qh6 Ne5 24. Qh3 h5 25. Rcd1 b5 26. f4 Nf7 27. Bd3 b4 28. Nce2 e5 29. fxe5 dxe5 30. Nc2 Ne6 31. Nxb4 Nfg5 32. Qg3 Kh7 33. h4 Nxe4 34. Bxe4 Bxe4 35. Rd7+ Re7 36. Rxe7+ Bxe7 37. Nd5 Bxd5 38. cxd5 Ng7 39. Kh2 Rc2 40. Ng1 Qd6 41. Qf3 e4+ 42. Qg3 Qxd5 43. Nh3 Bd6 44. Bf4 Nf5 45. Bxd6 Nxg3 46. Bxg3 e3 47. Nf4 e2 48. Rc1 Rxc1 49. Nxd5 e1=Q 50. Bxe1 Rxe1 51. Nxf6+ Kg7 52. Nd5 Ra1 53. a4 Rb1 54. b4 Kf7 55. Nc7 Rxb4 56. Nxa6 Rxh4+ 57. Kg3 Rxa4 58. Nc5 Rd4 59. Kh2 Kf6 60. Nb3 Rd3 61. Nc5 Re3 62. Nd7+ Ke6 63. Nf8+ Kf7 64. Nd7 Ke7 65. Nc5 Kd6 66. Na4 Rb3 0-1


[Site "https://www.chess.com"]

[Event "Titled Tuesday Blitz June 27 Early 2023"]
[White "hsd2016"]
[Black "chess123456s"]
[WhiteElo "2189"]
[BlackElo "2557"]
[Result "0-1"]
[Round "3"]
[TimeControl "180+2"]
[Date "2023.06.27"]
[WhiteClock "0:00:06"]
[BlackClock "0:00:52"]
[Board "171"]

1. e4 e5 2. Nf3 Nc6 3. Bb5 a6 4. Bxc6 dxc6 5. O-O Bg4 6. h3 h5 7. d3 Qf6 8. Nbd2 Ne7 9. Re1 Ng6 10. Nf1 Nf4 11. Bxf4 exf4 12. e5 Qg6 13. N1h2 Be7 14. Kf1 O-O-O 15. Qd2 Qf5 16. Re4 Bxf3 17. Nxf3 g5 18. Rae1 Qg6 19. Ng1 Bc5 20. d4 Bb6 21. c3 Rhe8 22. Qd3 Qf5 23. Qf3 c5 24. Rd1 cxd4 25. cxd4 Qe6 26. Qb3 Qxb3 27. axb3 f6 28. Nf3 fxe5 29. d5 Bd4 30. Nxd4 exd4 31. Rxe8 Rxe8 32. Rxd4 Kd7 33. Rd3 Kd6 34. f3 Re5 35. Rc3 Rxd5 36. Rc2 c5 37. Kf2 b5 38. Re2 Re5 39. Rd2+ Kc6 40. Rd8 Re3 41. Rg8 Rxb3 42. Rg6+ Kb7 43. Rg7+ Kb6 44. Rxg5 Ka5 45. Rxh5 Rxb2+ 46. Kf1 c4 47. Rc5 Kb4 48. Rc6 a5 49. h4 a4 50. h5 a3 51. h6 a2 52. Ra6 Rb1+ 53. Kf2 a1=Q 54. Rxa1 Rxa1 55. g3 fxg3+ 56. Kxg3 Rh1 0-1


[Site "https://www.chess.com"]

[Event "Titled Tuesday Blitz June 27 Early 2023"]
[White "Yaksin, Oleg"]
[Black "Vargas Rodriguez, Wilver"]
[WhiteFideId "24105880"]
[BlackFideId "3509672"]
[WhiteElo "2556"]
[BlackElo "2150"]
[Result "1-0"]
[Round "3"]
[TimeControl "180+2"]
[Date "2023.06.27"]
[WhiteClock "0:00:26"]
[BlackClock "0:00:00"]
[Board "172"]

1. d4 Nf6 2. c4 e6 3. g3 d5 4. Nf3 dxc4 5. Bg2 c6 6. Ne5 Be7 7. Nxc4 O-O 8. O-O b5 9. Ne5 Bb7 10. Nc3 a6 11. a4 b4 12. Ne4 Nxe4 13. Bxe4 a5 14. Qc2 g6 15. Bh6 Re8 16. Rfd1 Qc7 17. Rac1 Rc8 18. Nxg6 fxg6 19. Bxg6 Bf6 20. Bf4 Qg7 21. Be4 Nd7 22. Qd3 Nb6 23. Rc5 Nd5 24. Bc1 Ba6 25. Qc2 Bxd4 26. Rxc6 Rxc6 27. Qxc6 Nc7 28. Bf4 e5 29. Bh6 1-0


[Site "https://www.chess.com"]

[Event "Titled Tuesday Blitz June 27 Early 2023"]
[White "Ho, In Hei Henry"]
[Black "Fonseca Manrique, Enrique"]
[WhiteFideId "6002552"]
[BlackFideId "5114330"]
[WhiteElo "2022"]
[BlackElo "2554"]
[Result "0-1"]
[Round "3"]
[TimeControl "180+2"]
[Date "2023.06.27"]
[WhiteClock "0:00:16"]
[BlackClock "0:00:04"]
[Board "173"]

1. d4 Nf6 2. Nf3 g6 3. Bf4 Bg7 4. e3 O-O 5. Bd3 c5 6. c3 Qb6 7. Qc2 d6 8. O-O cxd4 9. exd4 Nc6 10. Nbd2 Be6 11. Rfe1 Rac8 12. Qb1 Bd5 13. h3 Rfe8 14. Nc4 Qd8 15. Ncd2 Na5 16. Qd1 Nc4 17. Nxc4 Bxc4 18. Bxc4 Rxc4 19. Qd3 Qc8 20. Re2 Nd5 21. Bh2 b5 22. Nd2 Rc7 23. a3 a6 24. Rae1 Rc6 25. Ne4 Rf8 26. Ng5 e6 27. Qf3 Qd7 28. Ne4 a5 29. Bf4 b4 30. Bd2 bxc3 31. bxc3 a4 32. Rb1 Rfc8 33. Ree1 Nb6 34. Rb4 Nd5 35. Rxa4 Rxc3 36. Nxc3 Nxc3 37. Bxc3 Qxa4 38. Bb4 Qc6 39. Qd3 Qd5 40. Rd1 h5 41. Qa6 Rc6 42. Qa8+ Kh7 43. Qe8 Rc7 44. Qd8 Rc6 45. Qe7 Qb3 46. Re1 e5 47. dxe5 dxe5 48. Qxf7 Qxf7 0-1


[Site "https://www.chess.com"]

[Event "Titled Tuesday Blitz June 27 Early 2023"]
[White "Pap, Gyula"]
[Black "Ishowmoves57"]
[WhiteFideId "725323"]
[WhiteElo "2937"]
[BlackElo "2083"]
[Result "1-0"]
[Round "3"]
[TimeControl "180+2"]
[Date "2023.06.27"]
[WhiteClock "0:01:56"]
[BlackClock "0:00:08"]
[Board "174"]

1. d4 Nf6 2. c4 e6 3. Nc3 Bb4 4. Qb3 Bxc3+ 5. Qxc3 d5 6. Bg5 O-O 7. e3 Nbd7 8. Nf3 c5 9. dxc5 Nxc5 10. Bxf6 Qxf6 11. Qxf6 gxf6 12. cxd5 exd5 13. Rc1 Na4 14. b3 Nb6 15. Nd4 Be6 16. Bd3 Rac8 17. Kd2 Nd7 18. Nb5 Ne5 19. Be2 Rc6 20. Nxa7 Rxc1 21. Rxc1 Ra8 22. Nb5 Rxa2+ 23. Rc2 Ra1 24. Nd4 Nc6 25. Nxc6 bxc6 26. Rxc6 Rh1 27. h3 Rb1 28. Rb6 Rb2+ 29. Kd1 Bf5 30. Rxf6 Be6 31. Bg4 Kg7 32. Rf4 Rxb3 33. Ke2 Rb2+ 34. Kf3 Bxg4+ 35. hxg4 Rb5 36. Rf5 f6 37. Kg3 Kg6 38. Kh4 Rb2 39. Rf4 Rd2 40. Kg3 h6 41. Rd4 Rc2 42. Rxd5 Re2 43. Rf5 Re1 44. Rf4 Ra1 45. f3 Ra2 46. e4 Ra3 47. Rf5 Rb3 48. Kf4 Rc3 49. g3 Rc2 50. Rd5 Rf2 51. e5 fxe5+ 52. Rxe5 Ra2 53. Re6+ Kf7 54. Rxh6 Ra4+ 55. Kg5 Ra5+ 56. Kh4 Ra3 57. f4 Ra1 58. Kg5 Ra5+ 59. f5 Ra3 60. Rh7+ Kg8 61. Rb7 Rxg3 62. Kh5 Rc3 63. g5 Rc6 64. f6 Rc1 65. Kg6 Rc8 66. Rg7+ Kf8 67. Rh7 Kg8 68. f7+ Kf8 69. Rh8+ Ke7 70. Rxc8 1-0


[Site "https://www.chess.com"]

[Event "Titled Tuesday Blitz June 27 Early 2023"]
[White "Yelisieiev, Yevhenii"]
[Black "Glavina, Pablo"]
[WhiteFideId "14139642"]
[BlackFideId "100234"]
[WhiteElo "2531"]
[BlackElo "2354"]
[Result "0-1"]
[Round "3"]
[TimeControl "180+2"]
[Date "2023.06.27"]
[WhiteClock "0:00:00"]
[BlackClock "0:00:49"]
[Board "175"]

1. d4 d5 2. c4 e6 3. Nc3 Nf6 4. Bg5 Be7 5. e3 h6 6. Bh4 O-O 7. Qc2 b6 8. cxd5 Nxd5 9. Bxe7 Qxe7 10. Nxd5 exd5 11. Bd3 Bb7 12. Ne2 c5 13. O-O Nc6 14. a3 Rac8 15. Qa4 Rfe8 16. Rac1 Qd6 17. Bb5 Re6 18. Rfd1 a6 19. Bxc6 Rxc6 20. dxc5 bxc5 21. Nf4 Rf6 22. Rxd5 Qe7 23. Qa5 Rb6 24. Rd2 Qe4 25. Qxc5 Rbc6 0-1


[Site "https://www.chess.com"]

[Event "Titled Tuesday Blitz June 27 Early 2023"]
[White "Thecourseoisildur"]
[Black "Tarasova, Viktoriya"]
[BlackFideId "4175840"]
[WhiteElo "2530"]
[BlackElo "2349"]
[Result "0-1"]
[Round "3"]
[TimeControl "180+2"]
[Date "2023.06.27"]
[WhiteClock "0:00:10"]
[BlackClock "0:00:07"]
[Board "176"]

1. e4 e5 2. Nf3 Nc6 3. d4 exd4 4. Nxd4 Nf6 5. Nxc6 bxc6 6. Nd2 d5 7. exd5 cxd5 8. Bb5+ Bd7 9. Bxd7+ Qxd7 10. O-O Be7 11. b3 O-O 12. Bb2 c5 13. Qf3 Rfe8 14. h3 Rad8 15. Rad1 Qc7 16. Rfe1 h6 17. Nf1 a5 18. a4 d4 19. Ng3 Bf8 20. Nf5 Qb6 21. Bc1 Nh7 22. Qg3 Kh8 23. Bd2 Nf6 24. Qh4 Kh7 25. Bg5 Rxe1+ 26. Rxe1 Re8 27. Rxe8 Nxe8 28. Be7 Qe6 29. Bxf8 Qxf5 30. Qe7 Qxc2 31. Qxe8 Qc1+ 32. Kh2 Qf4+ 33. Kg1 Qc1+ 34. Kh2 Qf4+ 35. g3 Qxf2+ 36. Kh1 Qf1+ 37. Kh2 Qf2+ 38. Kh1 Qf3+ 39. Kh2 d3 40. Qd7 Qf2+ 41. Kh1 d2 42. Bxc5 Qf1+ 43. Kh2 d1=Q 44. Qxd1 Qxd1 45. b4 Qc2+ 46. Kg1 axb4 47. Bxb4 Qb1+ 48. Be1 Qxe1+ 49. Kg2 Qa1 50. a5 Qxa5 51. Kf3 Qa3+ 52. Kg2 Kg6 53. Kf2 f5 0-1


[Site "https://www.chess.com"]

[Event "Titled Tuesday Blitz June 27 Early 2023"]
[White "arenal72"]
[Black "Lehtosaari, Mauri"]
[BlackFideId "501999"]
[WhiteElo "2347"]
[BlackElo "2526"]
[Result "1/2-1/2"]
[Round "3"]
[TimeControl "180+2"]
[Date "2023.06.27"]
[WhiteClock "0:00:08"]
[BlackClock "0:00:02"]
[Board "177"]

1. e4 c5 2. Nf3 e6 3. d4 cxd4 4. Nxd4 Qb6 5. Nc3 Bc5 6. Na4 Qa5+ 7. c3 Bxd4 8. Qxd4 Nf6 9. Nc5 Nc6 10. Qe3 b6 11. Nb3 Qe5 12. Bd3 Qc7 13. O-O h5 14. f4 Ng4 15. Qf3 Bb7 16. h3 Nf6 17. Be3 h4 18. a4 Nh5 19. a5 Nxa5 20. Nxa5 bxa5 21. Qg4 Ng3 22. Qxg7 O-O-O 23. Rf2 Bxe4 24. Qd4 Bxd3 25. Qxd3 d5 26. Qa6+ Qb7 27. Qxa5 Rd6 28. Qxa7 Qxa7 29. Rxa7 Kb8 30. Rxf7 Nf5 31. Bc5 Ra6 32. Ba3 Rc8 33. Re2 d4 34. Bb4 Ng3 35. Re1 Rd8 36. c4 d3 37. Bd2 Ra2 38. Kf2 Rxb2 39. Rd1 Ne4+ 40. Ke3 Ng3 41. Rf6 Nf5+ 42. Kf2 Re8 43. Rf7 Ng3 44. Rd7 Rb3 45. Ke3 Nf5+ 46. Ke4 Ng3+ 47. Kd4 Ne2+ 48. Ke3 Ng3 49. Rxd3 Nf5+ 50. Ke2 Ng3+ 51. Ke3 Nf5+ 52. Ke4 Ng3+ 53. Ke3 1/2-1/2


[Site "https://www.chess.com"]

[Event "Titled Tuesday Blitz June 27 Early 2023"]
[White "Golubev, Mikhail"]
[Black "Rosenberg, Evan S"]
[WhiteFideId "14100983"]
[BlackFideId "2019299"]
[WhiteElo "2520"]
[BlackElo "2332"]
[Result "1-0"]
[Round "3"]
[TimeControl "180+2"]
[Date "2023.06.27"]
[WhiteClock "0:00:49"]
[BlackClock "0:00:22"]
[Board "178"]

1. e4 c5 2. Nf3 g6 3. d4 cxd4 4. Nxd4 Nf6 5. Nc3 Nc6 6. Be3 Bg7 7. Bc4 Qa5 8. O-O O-O 9. Bb3 d6 10. h3 Bd7 11. Qe1 Rfe8 12. Rd1 Rac8 13. f4 a6 14. a3 Nh5 15. Nde2 Be6 16. Bxe6 fxe6 17. f5 exf5 18. Rd5 Qc7 19. exf5 Nf6 20. fxg6 hxg6 21. Rg5 Kf7 22. Nd5 Bh6 23. Nxc7 1-0


[Site "https://www.chess.com"]

[Event "Titled Tuesday Blitz June 27 Early 2023"]
[White "Shuvalov, Evgenij"]
[Black "Mayaud, Raphael"]
[WhiteFideId "4187237"]
[BlackFideId "627151"]
[WhiteElo "2492"]
[BlackElo "2325"]
[Result "1-0"]
[Round "3"]
[TimeControl "180+2"]
[Date "2023.06.27"]
[WhiteClock "0:00:14"]
[BlackClock "0:00:00"]
[Board "179"]

1. Nf3 d5 2. c4 c6 3. g3 Nf6 4. Bg2 g6 5. b3 Bg7 6. Bb2 O-O 7. O-O b6 8. d3 Bb7 9. Nbd2 e6 10. Ne5 Nbd7 11. Ndf3 Nxe5 12. Bxe5 c5 13. e3 Rc8 14. Qc2 Qe7 15. Qb2 Rfd8 16. Rfd1 Ne8 17. Bxg7 Nxg7 18. cxd5 Bxd5 19. e4 Ba8 20. Ne5 h5 21. Bf1 Ne8 22. h4 Nf6 23. Be2 Nd7 24. Nf3 Nb8 25. Ne5 Nc6 26. Nxc6 Bxc6 27. a3 Rd4 28. b4 Rcd8 29. b5 Ba8 30. a4 Qf6 31. Qc1 c4 32. dxc4 Rxd1+ 33. Bxd1 Bxe4 34. Ra3 Qd4 35. Be2 Qd2 36. Qxd2 Rxd2 37. Kf1 Kg7 38. f3 Bb7 39. a5 Rc2 40. axb6 axb6 41. Ra7 Bc8 42. Rc7 Rc1+ 43. Kf2 e5 44. Rxc8 e4 45. fxe4 Kf6 46. Rc6+ Ke5 47. Rxb6 Kxe4 48. Rc6 Rb1 49. b6 f5 50. c5 g5 51. hxg5 h4 52. gxh4 f4 53. Rf6 Rb2 54. Rf7 Rc2 55. b7 1-0


[Site "https://www.chess.com"]

[Event "Titled Tuesday Blitz June 27 Early 2023"]
[White "Rodriguez Polo, Mateo"]
[Black "Eidelman, Gabriel"]
[WhiteFideId "24509396"]
[BlackFideId "30910544"]
[WhiteElo "2308"]
[BlackElo "2469"]
[Result "1-0"]
[Round "3"]
[TimeControl "180+2"]
[Date "2023.06.27"]
[WhiteClock "0:00:11"]
[BlackClock "0:00:05"]
[Board "180"]

1. e4 c5 2. Nf3 d6 3. Bb5+ Bd7 4. Bxd7+ Nxd7 5. c4 Ngf6 6. Nc3 e6 7. b3 Ne5 8. d3 Be7 9. Bb2 O-O 10. O-O Nxf3+ 11. Qxf3 Nd7 12. Rad1 Ne5 13. Qe2 Nc6 14. Qd2 Bf6 15. Ne2 Nd4 16. Bxd4 cxd4 17. b4 a6 18. a4 b5 19. cxb5 axb5 20. a5 d5 21. Ng3 Be7 22. Rc1 Qd6 23. Rc5 Rxa5 24. exd5 Ra4 25. Rxb5 exd5 26. Nf5 Qe5 27. Nxe7+ Qxe7 28. Rb1 Re8 29. g3 Qd6 30. Rb7 h6 31. b5 Qa3 32. b6 Qa2 33. Qxa2 Rxa2 34. Rd7 Raa8 35. b7 Rab8 36. Rxd5 g6 37. Rxd4 Kg7 38. Kg2 Kf6 39. h4 Ke5 40. Rc4 Kd5 41. Rb5+ Kd6 42. Rd4+ Kc6 43. Rb1 Re7 44. Rc4+ Kd6 45. Kf3 Rexb7 46. Rxb7 Rxb7 47. Re4 Rb3 48. Re3 Kd5 49. g4 Rb6 50. Re4 f5 51. gxf5 gxf5 52. Ra4 Ke5 53. Ra5+ Kf6 54. d4 Rb4 55. Rd5 Rb2 56. Kg3 Ke6 57. Ra5 Rd2 58. Re5+ Kf6 59. Rd5 Re2 60. Kf3 Rd2 61. h5 Ke6 62. Ra5 Rxd4 63. Ra6+ Rd6 64. Rxd6+ Kxd6 65. Kf4 Ke6 66. Kf3 Ke5 67. Ke3 f4+ 68. Kf3 Kf5 69. Kg2 Kg4 70. f3+ Kxh5 71. Kh3 Kg5 72. Kg2 Kf5 73. Kh3 Ke5 74. Kg4 h5+ 75. Kxh5 Kd4 76. Kg5 Ke3 77. Kg4 Kd4 78. Kxf4 Kd5 79. Kg5 Kd6 80. Kg6 Ke5 81. Kg5 Ke6 82. f4 Ke7 83. Kg6 Kf8 84. Kf6 Ke8 85. Kg7 Ke7 86. f5 Kd7 87. f6 1-0


[Site "https://www.chess.com"]

[Event "Titled Tuesday Blitz June 27 Early 2023"]
[White "Acikel, Mert"]
[Black "Grossboss19"]
[WhiteFideId "12956465"]
[WhiteElo "2272"]
[BlackElo "2442"]
[Result "1-0"]
[Round "3"]
[TimeControl "180+2"]
[Date "2023.06.27"]
[WhiteClock "0:00:09"]
[BlackClock "0:00:00"]
[Board "181"]

1. e4 c5 2. Nf3 d6 3. Bb5+ Nd7 4. Ba4 a6 5. c4 Nf6 6. O-O Nxe4 7. Re1 Nf6 8. d4 cxd4 9. Nxd4 g6 10. Nc3 Bg7 11. Bg5 O-O 12. Qd2 Nc5 13. Bc2 Ne6 14. Nxe6 Bxe6 15. b3 Rc8 16. Rad1 Qc7 17. Bxf6 Bxf6 18. Nd5 Bxd5 19. Qxd5 b5 20. Bd3 b4 21. g3 Bg7 22. Be4 Rfd8 23. Re2 e6 24. Qd3 Bc3 25. Qf3 a5 26. Bb7 Rb8 27. Be4 a4 28. h4 Qa5 29. Kg2 a3 30. Qf4 Qe5 31. Qf3 Qf6 32. Qd3 Rd7 33. Bc6 Rdd8 34. Bf3 Rbc8 35. h5 Kg7 36. Qe3 Be5 37. h6+ Kg8 38. Bb7 Rb8 39. Be4 Bc3 40. Qd3 Qg5 41. Rh1 Rb6 42. Qf3 f5 43. Bd3 Qf6 44. Qe3 Bd4 45. Qxe6+ Qxe6 46. Rxe6 Kf7 47. Rhe1 Be5 48. R1xe5 dxe5 49. Rxb6 Rxd3 50. Rxb4 Rd2 51. Rb7+ Kg8 52. Ra7 Rxa2 53. b4 Rb2 54. Rxa3 Rxb4 55. Ra5 e4 56. Rc5 Rb7 57. Kf1 Kf7 58. Ke2 Ke6 59. Rc8 Ke5 60. Ke3 Rb3+ 61. Ke2 Kd4 62. Rc7 Rb2+ 63. Kf1 e3 64. fxe3+ Kxe3 65. Rxh7 Kf3 66. Ke1 g5 67. Rf7 Kxg3 68. h7 Rh2 69. Rxf5 g4 70. Rf7 Kg2 71. c5 g3 72. c6 Kg1 73. Rf1+ Kg2 74. c7 Rxh7 75. c8=Q Re7+ 76. Kd2 Kxf1 77. Qf5+ Kg2 78. Qd5+ Kh3 79. Qh1+ Kg4 80. Qg2 Rf7 81. Qe4+ Rf4 82. Qh1 Rf2+ 83. Ke3 Rh2 84. Qe4+ Kh3 85. Kf3 Rf2+ 86. Ke3 Kh2 87. Qh4+ Kg2 88. Qh5 Kg1 89. Qh3 g2 90. Qg3 Rf1 91. Qg4 Re1+ 92. Kf3 Rf1+ 93. Kg3 Rf8 94. Qg5 Kf1 95. Qc1+ Ke2 96. Kxg2 Rg8+ 97. Kh3 Rh8+ 98. Kg4 Rg8+ 99. Kf5 Rf8+ 100. Ke6 Rf3 101. Qc2+ Ke1 102. Qe4+ Kf2 103. Kd5 Re3 104. Qh4+ Rg3 105. Kd4 Kf3 106. Qe4+ Kf2 107. Qf4+ Rf3 108. Qh2+ Kf1 109. Ke4 Rc3 110. Qh1+ Ke2 111. Qg2+ Kd1 112. Qb2 Rc2 113. Qb3 Kd2 114. Kd4 Kc1 115. Kd3 Rd2+ 116. Ke3 Re2+ 117. Kd4 Rd2+ 118. Kc4 Rc2+ 119. Kd5 Rd2+ 120. Ke4 Re2+ 121. Kf3 Rd2 122. Qa3+ Kb1 123. Ke3 1-0


[Site "https://www.chess.com"]

[Event "Titled Tuesday Blitz June 27 Early 2023"]
[White "Zheenbekov, Nurgazy"]
[Black "Rodriguez Santiago, Jaime"]
[WhiteFideId "13800485"]
[BlackFideId "3100898"]
[WhiteElo "2433"]
[BlackElo "2271"]
[Result "0-1"]
[Round "3"]
[TimeControl "180+2"]
[Date "2023.06.27"]
[WhiteClock "0:00:00"]
[BlackClock "0:00:18"]
[Board "182"]

1. e4 c6 2. d4 d5 3. exd5 cxd5 4. c4 Nf6 5. Nc3 e6 6. Nf3 Be7 7. Bd3 dxc4 8. Bxc4 O-O 9. O-O b6 10. d5 exd5 11. Nxd5 Bb7 12. Nxe7+ Qxe7 13. Bg5 Nbd7 14. Re1 Qc5 15. Qc1 Bxf3 16. gxf3 Rac8 17. Bb3 h6 18. Be3 Qh5 19. Qd1 Ne5 20. Kg2 Rfd8 21. Qe2 Qg6+ 22. Kh1 Qf5 23. Kg2 Nh5 24. f4 Nd3 25. Qf3 Nhxf4+ 26. Kh1 Nxe1 27. Rxe1 g5 28. Rg1 Kf8 29. Qb7 a5 30. a3 Re8 31. Bxf4 Qxf4 32. Rd1 Qxf2 0-1


[Site "https://www.chess.com"]

[Event "Titled Tuesday Blitz June 27 Early 2023"]
[White "Andreassen, Lars"]
[Black "LeoLV10"]
[WhiteFideId "1504878"]
[WhiteElo "2231"]
[BlackElo "2427"]
[Result "1-0"]
[Round "3"]
[TimeControl "180+2"]
[Date "2023.06.27"]
[WhiteClock "0:00:21"]
[BlackClock "0:00:03"]
[Board "183"]

1. d4 Nf6 2. Nf3 d5 3. c4 c6 4. Nc3 g6 5. Bf4 Bg7 6. e3 O-O 7. Be2 Nbd7 8. cxd5 cxd5 9. O-O a6 10. h3 b5 11. a3 Bb7 12. Rc1 Rc8 13. Qb3 Nb6 14. a4 bxa4 15. Nxa4 Nxa4 16. Qxb7 Ne4 17. Bxa6 Ra8 18. Bd3 Nf6 19. Ne5 Rb8 20. Qa6 Nxb2 21. Nc6 Rb6 22. Nxd8 Rxa6 23. Bxa6 Rxd8 24. Rc8 Rxc8 25. Bxc8 Nd3 26. Bc7 Ne4 27. Ba6 Nb4 28. Bb5 Na2 29. Ba5 Nac3 30. Bxc3 Nxc3 31. Bd3 e6 32. Rc1 Ne4 33. Bxe4 dxe4 34. Rc8+ Bf8 35. g4 Kg7 36. Kg2 Bd6 37. Rc6 Be7 38. Ra6 Bh4 39. Ra5 Kf6 40. Re5 Bg5 41. Rxe4 h6 42. Re5 Bh4 43. f4 Ke7 44. Ra5 Bf6 45. Kf3 Kf8 46. Ra7 Kg7 47. Ke4 Bd8 48. d5 exd5+ 49. Kxd5 Bb6 50. Ra3 Bd8 51. e4 Bc7 52. Rf3 Bb8 53. e5 Kf8 54. f5 g5 55. e6 f6 56. Rb3 Be5 57. Rb7 Ke8 58. Rh7 Bf4 59. Rxh6 Be5 60. h4 gxh4 61. Rxh4 Ba1 62. Rh7 Bb2 63. e7 Ba3 64. Ke6 Bxe7 65. Rxe7+ Kd8 1-0


[Site "https://www.chess.com"]

[Event "Titled Tuesday Blitz June 27 Early 2023"]
[White "Balint, Vilmos"]
[Black "FuenfgegenWilly"]
[WhiteFideId "718050"]
[WhiteElo "2213"]
[BlackElo "2391"]
[Result "1-0"]
[Round "3"]
[TimeControl "180+2"]
[Date "2023.06.27"]
[WhiteClock "0:01:45"]
[BlackClock "0:00:29"]
[Board "184"]

1. d4 d5 2. Nc3 c6 3. Bf4 g6 4. e3 Bg7 5. Be2 Nd7 6. h4 h5 7. Nf3 Ngf6 8. Ng5 Nf8 9. Qd2 Ne6 10. Nxe6 Bxe6 11. f3 Qa5 12. Nd1 Qxd2+ 13. Kxd2 Nd7 14. Rb1 f6 15. b4 a6 16. a4 Bf7 17. b5 e5 18. dxe5 fxe5 19. Bg5 axb5 20. axb5 c5 21. b6 Be6 22. Bb5 Kf7 23. Nc3 Rhc8 24. Bxd7 Bxd7 25. Nxd5 Bc6 26. c4 Ra2+ 27. Kd3 Rxg2 28. Ke4 Rd2 29. Rhd1 Bxd5+ 30. cxd5 Rxd1 31. Rxd1 Ke8 32. d6 Kd7 33. Kd5 Rc6 34. Be7 c4 35. Ra1 c3 36. Ra8 Rc8 37. Ra7 Rb8 38. Ra3 c2 39. Rc3 Rc8 40. Rxc8 Kxc8 41. Ke6 c1=Q 42. d7+ Kb8 43. Bd6+ 1-0


[Site "https://www.chess.com"]

[Event "Titled Tuesday Blitz June 27 Early 2023"]
[White "Fernandez Hernandez, Gerardo"]
[Black "Alahakoon, Isuru"]
[WhiteFideId "2207400"]
[BlackFideId "9900993"]
[WhiteElo "2201"]
[BlackElo "2358"]
[Result "1-0"]
[Round "3"]
[TimeControl "180+2"]
[Date "2023.06.27"]
[WhiteClock "0:00:07"]
[BlackClock "0:00:00"]
[Board "185"]

1. e4 d5 2. exd5 Qxd5 3. Nc3 Qa5 4. d4 Nf6 5. Bd2 Bg4 6. Be2 Bxe2 7. Ngxe2 Nc6 8. a4 O-O-O 9. Nb5 Qa6 10. b4 e5 11. c3 exd4 12. Nbxd4 Nxd4 13. Nxd4 Re8+ 14. Be3 Nd5 15. Qg4+ Kb8 16. b5 Qd6 17. O-O h5 18. Qf3 Nxe3 19. fxe3 f6 20. a5 Qe5 21. Rfe1 Bd6 22. a6 Qxh2+ 23. Kf1 c6 24. axb7 Bg3 25. Nxc6+ Kc7 26. Red1 Rxe3 27. Qxe3 Qh1+ 28. Ke2 Qxg2+ 29. Kd3 Qd5+ 30. Kc2 Qf5+ 31. Qd3 Qf2+ 32. Rd2 Qb6 33. Rxa7 1-0


[Site "https://www.chess.com"]